 Dungeon Crawl Stone Soup version 0.27-a0-1105-g946c659c87 (webtiles) character file.

Game seed: 15843495205816967502

60 Goblin1989 the Sneak (level 3, -4/29 HPs)
             Began as a Demonspawn Delver on Apr 30, 2021.
             Slain by Sigmund
             ... wielding a +0 scythe
              (10 damage)
             ... on level 3 of the Dungeon.
             The game lasted 00:05:40 (2183 turns).

Goblin1989 the Sneak (Demonspawn Delver)            Turns: 2183, Time: 00:05:40

Health: -4/29      AC:  4    Str: 12    XL:     3   Next: 82%
Magic:  3/3        EV: 12    Int: 11    God:
Gold:   37         SH:  0    Dex: 15    Spells: 2/2 levels left

rFire    . . .     SeeInvis .   a - +0 short sword
rCold    . . .     Faith    .   (no shield)
rNeg     . . .     Spirit   .   b - +0 leather armour
rPois    .         Reflect  .   U - +0 helmet
rElec    .         Harm     .   (no cloak)
rCorr    .         Rampage  .   (no gloves)
Will     .....                  (no boots)
Stlth    +++.......             O - amulet of the acrobat
HPRegen  0.09/turn              (no ring)
MPRegen  0.08/turn              (no ring)

@: no status effects
A: powered by death 1
a: no special abilities


You were on level 3 of the Dungeon.
You visited 1 branch of the dungeon, and saw 5 of its levels.

You collected 87 gold pieces.
You spent 50 gold pieces at shops.

Inventory:

Hand Weapons
 a - a +0 short sword (weapon)
Missiles
 V - 8 datura-tipped darts (quivered)
 X - 11 poisoned darts
Armour
 b - a +0 leather armour (worn)
 U - a +0 helmet (worn)
Jewellery
 O - an amulet of the acrobat (around neck)
Wands
 g - a wand of digging (3) {@v1}
Scrolls
 c - a scroll of fog
 e - 3 scrolls of fear
 M - 4 scrolls of magic mapping
 N - 2 scrolls of teleportation {!r, @r2}
 Q - a scroll of vulnerability {unknown}
 R - a scroll of identify {@r1}
 T - a scroll of enchant armour {unknown}
Potions
 f - a potion of haste {@q3,}
 P - a potion of cancellation
 S - 2 potions of heal wounds
 W - a potion of brilliance {unknown}


   Skills:
 + Level 3.4 Fighting
 * Level 2.7 Short Blades
 + Level 0.0 Throwing
 + Level 2.3 Dodging
 + Level 4.8 Stealth


You had 2 spell levels left.
You didn't know any spells.
Your spell library was empty.

Dungeon Overview and Level Annotations

Branches:
Dungeon (5/15)
 Temple: D:4-7

Altars:

Shops:
D:1 ?

Annotations:
D:1 exclusion: gnoll
D:2 Jessica
D:3 Sigmund


Innate Abilities, Weirdness & Mutations

You regenerate a little health from kills.


Message History

The helpless adder fails to defend itself.
You puncture the adder!
You kill the adder!
No target in view!
No target in view!
No target in view!
No target in view!
No target in view!
No target in view!
No target in view!
No target in view!
No target in view!
No target in view!
No target in view!
No target in view!
No target in view!
No target in view!
No target in view!
Unknown command.
Unknown command.
Things that are here:
11 poisoned darts; a +0 short sword
W - a fizzy golden potion
Found a robe.
Done exploring.
Done exploring.
Done exploring.
Done exploring.
Things that are here:
11 poisoned darts; a +0 short sword
X - 11 poisoned darts Done exploring.
Done exploring.
Done exploring.
Done exploring.
(D) Dungeon
Where to? (Enter - D:2, ? - help)
There is a stone staircase leading down here.
You climb downwards.
Level annotation: Sigmund
There is a stone staircase leading up here.
An endoplasm is nearby!
Unknown command.
A hobgoblin comes into view.
The helpless endoplasm fails to defend itself.
You puncture the endoplasm!
You kill the endoplasm!
The helpless hobgoblin fails to defend itself.
You impale the hobgoblin!!
You kill the hobgoblin!
No target in view!
No target in view!
No target in view!
No target in view!
No target in view!
No target in view!
No target in view!
No target in view!
No target in view!
No target in view!
No target in view!
No target in view!
No target in view!
No target in view!
No target in view!
No target in view!
Unknown command.
You see here a hobgoblin corpse.
There is a stone staircase leading down here.
You see here 7 gold pieces.
Sigmund is nearby!
Sigmund is nearby!
Sigmund is nearby!
The helpless Sigmund fails to defend himself.
You impale Sigmund!!
Sigmund is almost dead.
Sigmund drinks a potion.
Sigmund seems to speed up.
You closely miss Sigmund.
Sigmund is almost dead.
Sigmund barely misses you. Sigmund closely misses you.
You barely miss Sigmund.
Sigmund is almost dead.
Sigmund barely misses you.
You hit Sigmund.
Sigmund is almost dead.
Sigmund hits you with a +0 scythe!
Sigmund points at himself and mumbles some strange words.
Sigmund flickers and vanishes!
Deactivating autopickup; reactivate with Ctrl-A.
You take 10 damage, and have 19/29 hp.
MASSIVE DAMAGE!!
You barely miss something.
You hear some strange, mumbled words.
A magic dart appears from out of thin air!
The magic dart hits you.
You take 3 damage, and have 16/29 hp.
You barely miss something. Something hits you!
* * * LOW HITPOINT WARNING * * *
You take 10 damage, and have 6/29 hp.
MASSIVE DAMAGE!!
You barely miss something. Something barely misses you. Something hits you!
You die...

...█.....█...██.█
.......█████.██.█
...█.....█...██†█
█..[.....█.████.█
████..█.........█
.... █>█.███████
████. █.█.█
█.████{██.█.█
█......@.$█.█
.......████.█
█.█████ █.. █.█


█S█ There were no monsters in sight!

Vanquished Creatures
  2 adders (D:2)
  2 worms (D:2)
  A dart slug (D:1)
  An orc (D:4)
  5 endoplasms
  A giant cockroach (D:3)
  2 goblins (D:1)
  6 hobgoblins
  3 jackals (D:1)
  A quokka (D:1)
  2 ball pythons
  A bat (D:1)
  3 kobolds
30 creatures vanquished.

Notes
Turn   | Place    | Note
-------+----------+-------------------------------------------
     0 | D:5      | Goblin1989 the Demonspawn Delver began the quest for the
                  | Orb.
     0 | D:5      | Reached XP level 1. HP: 18/18 MP: 1/1
   163 | D:3      | Noticed Sigmund
   227 | D:1      | Found a faded altar of an unknown god.
   261 | D:1      | Gained mutation: You regenerate a little health from kills.
                  | [demonic ancestry]
   261 | D:1      | Reached XP level 2. HP: 10/24 MP: 2/2
   944 | D:1      | Found Hisal's Magic Scroll Emporium.
   954 | D:1      | Bought a scroll of identify for 20 gold pieces
   954 | D:1      | Bought a scroll of teleportation for 30 gold pieces
   979 | D:1      | Reached XP level 3. HP: 29/29 MP: 3/3
  1087 | D:2      | Noticed Jessica
  1464 | D:2      | HP: 1/29 [worm (6)]
  2183 | D:3      | Slain by Sigmund

Illustrated notes

Levels and vault maps discovered:
D:1:      amcnicky_arrival_double_pillar, layout_rooms, serial_shops,
          nicolae_shop_waterfront, hellmonk_ecumenical_altar_run_dry,
          minmay_misc_feat_hallway, minivault_23
D:2:      layout_rooms, uniq_jessica
D:3:      layout_loops_ring, worldfamousw_hep_ancestral_shrine,
          serial_co_window_serial, co_window_paths_b, co_window_corner_a,
          co_window_paths_a, co_window_paths_a, co_window_corner_a,
          co_window_corner_a, co_window_of_opportunity_a, co_window_corner_ca,
          co_window_corner_ca, co_window_corner_b, co_window_unsneaky_path_b,
          co_window_unsneaky_path_b, glass_columns_a, uniq_sigmund
D:4:      layout_basic, uniq_natasha
D:5:      layout_loops_corners, kennysheep_cluttered_room, eino_curves_02,
          uniq_edmund

Skill      XL: |  1  2 |
---------------+-------+-----
Short Blades   | 2 |  2.7
Dodging        | 2 |  2.3
Fighting       | |  3.4
Stealth        | |  4.8

Action                   || total
-------------------------++-------
Melee: Short sword       ||   124
  Use: Scroll            ||     3
 Stab: Sleeping          ||    13
Armor: Leather armour    ||    23
Dodge: Dodged            ||    72

Table legend: (Time is in decaauts)
 A = Elapsed time spent in this place.
 B = Non-inter-level travel time spent in this place.
 C = Inter-level travel time spent in this place.
 D = Time resting spent in this place.
 E = Time spent auto-exploring this place.
 F = Levels seen in this place.
 G = Mean time per level.
                   A        B        C        D        E       F      G
               +--------+--------+--------+--------+--------+-----+--------+
         Total |   2182 |   2156 |     26 |    787 |    827 |   5 |  436.4 |
       Dungeon |   2182 |   2156 |     26 |    787 |    827 |   5 |  436.4 |
               +--------+--------+--------+--------+--------+-----+--------+

Top non-repeatable levels by time:
     D:1: 1159 daAuts
     D:2: 779 daAuts
     D:4: 88 daAuts
     D:3: 83 daAuts
     D:5: 71 daAuts
